[Event "ICC tourney 2248 (120 10)"]
[Site "Internet Chess Club"]
[Date "2020.12.28"]
[Round "6"]
[White "Averyyu321"]
[Black "Vinny773175"]
[Result "1-0"]
[ICCResult "Black checkmated"]
[WhiteElo "1739"]
[BlackElo "1782"]
[Opening "Sicilian: Nimzovich-Rossolimo attack (with ...g6, without ...d6)"]
[ECO "B31"]
[NIC "SI.31"]
[Time "17:17:21"]
[PlyCount "139"]
[TimeControl "7200+10"]

1. e4 c5 2. Nf3 Nc6 3. Bb5 g6 4. Bxc6 dxc6 5. d3 Bg7 6. Nc3 e5 7. Be3 b6 8.
Qd2 Ne7 9. O-O Bg4 10. h3 Bxf3 11. gxf3 Qd7 12. Kh2 O-O-O 13. Qe2 f6 14. a4
g5 15. a5 Kb7 16. Ra3 h5 17. axb6 axb6 18. Na4 Ra8 19. Rfa1 Qd6 20. Rb3 Kc7
21. Rxb6 Rxa4 22. Rxa4 Kxb6 23. b4 Kc7 24. Bxc5 Qd8 25. Bxe7 Qxe7 26. Ra7+
Kd8 27. Rxe7 Kxe7 28. Kg2 Rb8 29. Qe3 Rb7 30. Qc5+ Kd7 31. c4 Rc7 32. Kg3
Rc8 33. Kg2 Bf8 34. Qb6 Bd6 35. b5 cxb5 36. Qxb5+ Kd8 37. Qd5 Ke7 38. Kg3
Rc5 39. Qg8 Rc6 40. Qh7+ Kd8 41. Qxh5 Bc5 42. Qh8+ Kd7 43. Qg7+ Be7 44. f4
exf4+ 45. Kf3 Rd6 46. Ke2 Rb6 47. Qg8 Kc7 48. Qf7 Kd8 49. Qd5+ Kc7 50. d4
Rb3 51. Qa5+ Kc8 52. Qa8+ Kc7 53. Qa7+ Kd8 54. Qa5+ Kc8 55. e5 fxe5 56.
Qxe5 Bb4 57. Qxg5 f3+ 58. Kd1 Rd3+ 59. Kc2 Rxd4 60. Qg8+ Rd8 61. Qg4+ Kb8
62. Qxf3 Bd6 63. Qd5 Kc7 64. c5 Be7 65. Qe5+ Kd7 66. c6+ Ke8 67. f4 Rc8 68.
Qe6 Kd8 69. f5 Rb8 70. Qd7# { Black checkmated } 1-0

[Event "ICC tourney 2248 (120 10)"]
[Site "Internet Chess Club"]
[Date "2020.12.28"]
[Round "6"]
[White "wahoo"]
[Black "steinutz"]
[Result "0-1"]
[ICCResult "White checkmated"]
[WhiteElo "1661"]
[BlackElo "1756"]
[Opening "Scandinavian: Pytel-Wade variation"]
[ECO "B01"]
[NIC "SD.02"]
[Time "17:17:05"]
[PlyCount "182"]
[TimeControl "7200+10"]

1. e4 d5 2. exd5 Qxd5 3. Nc3 Qd6 4. Be2 c6 5. Nf3 Nf6 6. h3 Bf5 7. d3 h6 8.
Be3 e6 9. Qd2 Qc7 10. Bf4 Bd6 11. Bxd6 Qxd6 12. O-O Nbd7 13. a4 a5 14. Rfe1
O-O 15. Ra3 Rfd8 16. Nd1 Nd5 17. Ne3 Bg6 18. Nxd5 Qxd5 19. Qe3 Qd6 20. Nh4
Bh7 21. Bh5 Nf6 22. Be2 Nd5 23. Qd2 Qc7 24. Bg4 Nf6 25. Be2 Rd5 26. Qe3 Rd7
27. Nf3 Rd5 28. Rb3 Rd7 29. Ne5 Nd5 30. Qg3 Re7 31. Bh5 Rd8 32. Qh4 c5 33.
Qc4 b6 34. Qh4 Nb4 35. f4 Rd6 36. Qf2 Nc6 37. Nc4 Nd4 38. Nxd6 Qxd6 39. Rc3
Qd5 40. Bf3 Qd7 41. Rc4 Re8 42. Be4 Rd8 43. Bxh7+ Kxh7 44. Qe3 g6 45. b3
Qd6 46. Qe4 Rd7 47. Kf2 Qe7 48. Qe5 Qh4+ 49. g3 Qxh3 50. Rg1 Qh2+ 51. Rg2
Qh1 52. Qe1 Qh5 53. c3 Qf3+ 54. Kg1 Nf5 55. Re4 Rxd3 56. Qe2 Rd1+ 57. Kh2
Qxe2 58. Rgxe2 Rd3 59. g4 Ng3 60. R4e3 Nf1+ 61. Kg2 Nxe3+ 62. Kf2 Nd5 63.
b4 axb4 64. cxb4 Nxb4 65. f5 gxf5 66. gxf5 exf5 67. Re7 Kg6 68. Rb7 Nd5 69.
Rd7 Rd4 70. Rd6+ f6 71. a5 bxa5 72. Ra6 a4 73. Ra5 Nc3 74. Ra6 Kg5 75. Kg3
h5 76. Ra5 Ne4+ 77. Kf3 Rb4 78. Ra8 Rb3+ 79. Kg2 a3 80. Rg8+ Kf4 81. Ra8
Rb2+ 82. Kh3 a2 83. Ra4 Kg5 84. Rxa2 Nf2+ 85. Kg3 Rxa2 86. Kh2 Ng4+ 87. Kh3
c4 88. Kg3 c3 89. Kf3 c2 90. Kg3 c1=R 91. Kh3 Rc3# { White checkmated } 0-1

[Event "ICC tourney 2248 (120 10)"]
[Site "Internet Chess Club"]
[Date "2020.12.28"]
[Round "6"]
[White "rcww2020"]
[Black "Mozart1"]
[Result "1-0"]
[ICCResult "Black checkmated"]
[WhiteElo "1640"]
[BlackElo "1836"]
[Opening "Vienna game"]
[ECO "C26"]
[NIC "VG.02"]
[Time "17:16:47"]
[PlyCount "179"]
[TimeControl "7200+10"]

1. e4 e5 2. Bc4 Nf6 3. Nc3 c6 4. Nf3 d5 5. exd5 cxd5 6. Bb5+ Bd7 7. Nxe5
Bxb5 8. Nxb5 a6 9. Nd4 Bc5 10. Ndf3 d4 11. O-O O-O 12. d3 Nbd7 13. Nxd7
Qxd7 14. h3 Rfe8 15. Bf4 Qf5 16. Bh2 Re6 17. Re1 Rae8 18. Rxe6 Qxe6 19. Qd2
Qb6 20. Rb1 Bb4 21. Qc1 Bc5 22. a3 Nd5 23. Ne5 Re7 24. Kh1 f6 25. Nc4 Qe6
26. Nd2 f5 27. Nf3 Qe2 28. Kg1 b5 29. Qd1 b4 30. a4 Qe6 31. Be5 Qb6 32. Qd2
b3 33. cxb3 Nb4 34. Qc1 Nc6 35. Qc4+ Kf8 36. Qd5 Nb4 37. Qc4 Nc6 38. Bf4
Nd8 39. Bg5 Re8 40. Bxd8 Rxd8 41. Ng5 Ke7 42. Re1+ Kd7 43. Re6 Bd6 44. Nf7
Rc8 45. Rxd6+ Qxd6 46. Nxd6 Rxc4 47. Nxc4 Kc6 48. Kf1 Kc5 49. Ke2 Kb4 50.
a5 Kxb3 51. Kd2 g5 52. f3 h5 53. Nd6 f4 54. Nc4 h4 55. Ne5 Kxb2 56. Nc6 Ka3
57. Nb8 Ka4 58. Nxa6 Kxa5 59. Nc5 Kb5 60. Ne6 Kc6 61. Nxg5 Kd5 62. Ne4 Ke5
63. Kc2 Kd5 64. Kb3 Kc6 65. Kc4 Kd7 66. Kxd4 Kc6 67. Ke5 Kd7 68. Kxf4 Ke6
69. Kg4 Ke5 70. Kxh4 Kd4 71. g4 Kxd3 72. g5 Ke2 73. g6 Kf1 74. g7 Ke2 75.
Ng3+ Kxf3 76. g8=R Kf4 77. Rf8+ Ke5 78. Kg5 Kd4 79. Rf1 Ke5 80. h4 Kd4 81.
h5 Ke5 82. h6 Ke6 83. h7 Ke5 84. h8=R Ke6 85. Re8+ Kd7 86. Re2 Kd6 87. Rd1+
Kc5 88. Rc2+ Kb5 89. Rb1+ Ka6 90. Ra2# { Black checkmated } 1-0

[Event "ICC tourney 2248 (120 10)"]
[Site "Internet Chess Club"]
[Date "2020.12.28"]
[Round "6"]
[White "chesslin"]
[Black "Abror"]
[Result "0-1"]
[ICCResult "White resigns"]
[WhiteElo "1804"]
[BlackElo "1635"]
[Opening "Queen's pawn, Mason variation"]
[ECO "D00"]
[NIC "QP.08"]
[Time "17:17:17"]
[PlyCount "106"]
[TimeControl "7200+10"]

1. d4 d5 2. Bf4 e6 3. e3 Bd6 4. Bg3 Nf6 5. Nd2 O-O 6. Bd3 b6 7. Ngf3 Bb7 8.
Ne5 c5 9. c3 Nc6 10. f4 Nd7 11. O-O f5 12. Qh5 Nf6 13. Qh3 Ne4 14. Rad1
Bxe5 15. Nxe4 dxe4 16. Bc4 Bc7 17. Bxe6+ Kh8 18. Bxf5 h6 19. d5 Na5 20. Bh4
Qd6 21. Be6 Bd8 22. Bf2 Nc4 23. b3 Nb2 24. Rd2 Nd3 25. c4 Bc7 26. Bg3 Bc8
27. f5 Ne5 28. Bxc8 Raxc8 29. f6 Rce8 30. Rdf2 Kh7 31. Qf5+ g6 32. Qh3 Rf7
33. Qh4 Qd7 34. Bf4 h5 35. h3 Nd3 36. g4 Nxf2 37. Rxf2 Bxf4 38. exf4 e3 39.
Re2 Kh8 40. Qg5 hxg4 41. hxg4 Rh7 42. Kg2 Qf7 43. f5 gxf5 44. Qxf5 Rf8 45.
g5 Qh5 46. Rxe3 Qh1+ 47. Kg3 Qh2+ 48. Kg4 Rh4+ 49. Kf3 Rh3+ 50. Ke4 Re8+
51. Qe6 Rxe6+ 52. dxe6 Rxe3+ 53. Kxe3 Qe5+ { White resigns } 0-1

[Event "ICC tourney 2248 (120 10)"]
[Site "Internet Chess Club"]
[Date "2020.12.28"]
[Round "6"]
[White "charles102"]
[Black "kdbel"]
[Result "1-0"]
[ICCResult "Black resigns"]
[WhiteElo "1800"]
[BlackElo "1892"]
[Opening "Nimzo-Indian: classical variation"]
[ECO "E32"]
[NIC "NI.24"]
[Time "17:17:24"]
[PlyCount "91"]
[TimeControl "7200+10"]

1. d4 Nf6 2. c4 e6 3. Nc3 Bb4 4. Qc2 O-O 5. Nf3 d5 6. Bg5 h6 7. Bd2 b6 8.
cxd5 exd5 9. g3 Re8 10. Bg2 Ba6 11. Ne5 c5 12. Be3 Qc7 13. Nd3 Nbd7 14. O-O
Bxc3 15. Qxc3 Rac8 16. Rac1 Qd6 17. Qa3 Bxd3 18. exd3 a5 19. Bh3 Rc6 20.
Bf4 Qf8 21. Qa4 Rec8 22. dxc5 bxc5 23. Rc2 g5 24. Be3 Qd6 25. Rfc1 c4 26.
dxc4 d4 27. c5 Rxc5 28. Rxc5 Rxc5 29. Rxc5 Qxc5 30. Qxd4 Qb5 31. Bd2 Ne5
32. Bg2 Ned7 33. Bc3 g4 34. Qf4 Kg7 35. Qxg4+ Kh7 36. Qf4 Qb6 37. Bh3 Qd8
38. Bf5+ Kg8 39. Qxh6 Ne5 40. Qg5+ Kf8 41. Qe3 Qd1+ 42. Kg2 Qd5+ 43. f3
Neg4 44. Bxg4 Nxg4 45. Qd4 Qg5 46. Qxg4 { Black resigns } 1-0

[Event "ICC tourney 2248 (120 10)"]
[Site "Internet Chess Club"]
[Date "2020.12.28"]
[Round "6"]
[White "Cooliguess"]
[Black "saisneha"]
[Result "1/2-1/2"]
[ICCResult "Game drawn by mutual agreement"]
[WhiteElo "1750"]
[BlackElo "1883"]
[Opening "Nimzo-Indian: classical, Noa variation"]
[ECO "E34"]
[NIC "NI.23"]
[Time "17:17:08"]
[PlyCount "90"]
[TimeControl "7200+10"]

1. d4 Nf6 2. c4 e6 3. Nc3 Bb4 4. Qc2 d5 5. Bg5 h6 6. Bh4 O-O 7. cxd5 exd5
8. e3 Be6 9. Bd3 Nbd7 10. Ne2 c6 11. O-O Rc8 12. Rad1 Qc7 13. f3 Nh5 14. e4
dxe4 15. fxe4 Ndf6 16. e5 Nd5 17. Nxd5 cxd5 18. Qa4 Be7 19. Rc1 Qd8 20.
Rxc8 Bxc8 21. Bxe7 Qxe7 22. Kh1 a6 23. Qb3 Be6 24. g4 Bxg4 25. Qxd5 Qh4 26.
Qe4 Re8 27. Qh7+ Kf8 28. Bg6 Ke7 29. Bxh5 Qxh5 30. Ng3 Bf3+ 31. Kg1 Qg4 32.
Qd3 Bc6 33. Qa3+ Kd8 34. Qd6+ Kc8 35. Rxf7 Qd1+ 36. Kf2 Qc2+ 37. Ne2 Bb5
38. Qc5+ Qxc5 39. dxc5 Bxe2 40. Kxe2 Rxe5+ 41. Kf3 Rxc5 42. Rxg7 Rc2 43.
Rg2 Rc6 44. Ke4 Kc7 45. Kf5 Rc4 { Game drawn by mutual agreement } 1/2-1/2

[Event "ICC tourney 2248 (120 10)"]
[Site "Internet Chess Club"]
[Date "2020.12.29"]
[Round "7"]
[White "JACOBCHESS857"]
[Black "moneymo"]
[Result "1/2-1/2"]
[ICCResult "Game drawn by mutual agreement"]
[WhiteElo "1424"]
[BlackElo "1880"]
[Opening "Sicilian defense"]
[ECO "B30"]
[NIC "SI.31"]
[Time "12:06:22"]
[PlyCount "20"]
[TimeControl "7200+10"]

1. e4 c5 2. Nf3 Nc6 3. Bc4 e5 4. O-O d6 5. h3 g5 6. Nh2 h5 7. f3 Nh6 8. d3
f5 9. exf5 Nxf5 10. Nc3 a6 { Game drawn by mutual agreement } 1/2-1/2

[Event "ICC tourney 2248 (120 10)"]
[Site "Internet Chess Club"]
[Date "2020.12.29"]
[Round "7"]
[White "IveDoneEnough"]
[Black "local0928"]
[Result "0-1"]
[ICCResult "White resigns"]
[WhiteElo "1645"]
[BlackElo "1785"]
[Opening "King's gambit"]
[ECO "C30"]
[NIC "KG.05"]
[Time "12:06:16"]
[PlyCount "76"]
[TimeControl "7200+10"]

1. e4 e5 2. f4 d6 3. Nf3 Nc6 4. Bb5 Bg4 5. O-O Be7 6. d4 exd4 7. Qxd4 Bf6
8. Qc4 Qd7 9. e5 Be7 10. Nd4 Be6 11. Qc3 Bd5 12. exd6 Bxd6 13. Nxc6 bxc6
14. Qxg7 cxb5 15. Re1+ Be7 16. Qxh8 O-O-O 17. Qd4 Qc6 18. Qf2 Bb4 19. Bd2
Bc5 20. Be3 Bb4 21. c3 Bd6 22. Nd2 Nf6 23. Nb3 Bxg2 24. Nd4 Qb7 25. Ne2 Rg8
26. Ng3 Bh3 27. Bd4 Ne4 28. Qf3 f5 29. a4 b4 30. cxb4 h5 31. Rxe4 Qxe4 32.
Qxe4 fxe4 33. Kf2 Bxf4 34. Nxe4 Bxh2 35. Bxa7 Rg2+ 36. Kf3 Rxb2 37. Bc5 Be5
38. Ng5 Rb3+ { White resigns } 0-1

[Event "ICC tourney 2248 (120 10)"]
[Site "Internet Chess Club"]
[Date "2020.12.29"]
[Round "7"]
[White "MYMChessWyatt"]
[Black "ab4gm"]
[Result "1-0"]
[ICCResult "Black resigns"]
[WhiteElo "1232"]
[BlackElo "1047"]
[Opening "Giuoco Pianissimo"]
[ECO "C50"]
[NIC "IG.02"]
[Time "12:06:09"]
[PlyCount "59"]
[TimeControl "7200+10"]

1. e4 e5 2. Nf3 Nc6 3. Bc4 Bc5 4. d3 Nf6 5. c3 O-O 6. a4 d6 7. b4 Nxb4 8.
cxb4 Bxb4+ 9. Bd2 Bc5 10. O-O c6 11. Nc3 Bg4 12. Be3 Bxe3 13. fxe3 d5 14.
exd5 cxd5 15. Ba2 d4 16. exd4 Bxf3 17. Rxf3 Qxd4+ 18. Kh1 Qxc3 19. Rc1 Qd4
20. Rc7 Qb6 21. Re7 Rac8 22. Rf1 Qb2 23. Bb3 Rb8 24. Bc4 Qd4 25. Qb3 Ng4
26. Rexf7 Rxf7 27. Rxf7 Qa1+ 28. Rf1+ Kh8 29. Rxa1 Nf2+ 30. Kg1 { Black
resigns } 1-0

[Event "ICC tourney 2248 (120 10)"]
[Site "Internet Chess Club"]
[Date "2020.12.29"]
[Round "7"]
[White "jgregora"]
[Black "BillietheKid"]
[Result "0-1"]
[ICCResult "White resigns"]
[WhiteElo "1686"]
[BlackElo "1451"]
[Opening "Sicilian: closed"]
[ECO "B23"]
[NIC "SI.44"]
[Time "12:06:23"]
[PlyCount "56"]
[TimeControl "7200+10"]

1. e4 c5 2. Nc3 d6 3. f4 Nf6 4. Nf3 Nc6 5. Bc4 e6 6. O-O a6 7. d3 b5 8. Bb3
Na5 9. e5 Nxb3 10. axb3 dxe5 11. fxe5 Nd5 12. Bg5 Be7 13. Ne4 O-O 14. Qe1
f6 15. exf6 Nxf6 16. Qh4 h6 17. Be3 Nd5 18. Qe1 Nb4 19. Qd2 Qc7 20. Bxh6
gxh6 21. Qxh6 Qf4 22. Nfg5 Bxg5 23. Qg6+ Kh8 24. Rxf4 Bxf4 25. Qh5+ Kg7 26.
Qh4 Nxc2 27. Qe7+ Rf7 28. Qxc5 Be3+ { White resigns } 0-1

[Event "ICC tourney 2248 (120 10)"]
[Site "Internet Chess Club"]
[Date "2020.12.29"]
[Round "7"]
[White "mnm2"]
[Black "wahoo"]
[Result "0-1"]
[ICCResult "White resigns"]
[WhiteElo "1510"]
[BlackElo "1661"]
[Opening "Scotch game"]
[ECO "C45"]
[NIC "SO.05"]
[Time "12:06:11"]
[PlyCount "50"]
[TimeControl "7200+10"]

1. e4 e5 2. Nf3 Nc6 3. d4 exd4 4. Nxd4 Bc5 5. Be3 Qf6 6. c3 Nge7 7. Bc4 Ne5
8. Bb3 Qg6 9. O-O d6 10. f4 Qxe4 11. fxe5 Qxe3+ 12. Kh1 O-O 13. exd6 cxd6
14. Nf3 Nf5 15. Qd2 Qe4 16. Bc2 Qc4 17. Bd3 Qg4 18. Qg5 Ne3 19. Qxg4 Nxg4
20. h3 Nf2+ 21. Kh2 Nxd3 22. b4 Bb6 23. Rd1 Ne5 24. Rxd6 Nxf3+ 25. gxf3 Bc7
{ White resigns } 0-1

[Event "ICC tourney 2248 (120 10)"]
[Site "Internet Chess Club"]
[Date "2020.12.29"]
[Round "7"]
[White "trucker"]
[Black "playerlucky"]
[Result "1/2-1/2"]
[ICCResult "Game drawn by mutual agreement"]
[WhiteElo "1610"]
[BlackElo "1802"]
[Opening "French: Swiss variation"]
[ECO "C11"]
[NIC "FR.04"]
[Time "12:06:01"]
[PlyCount "124"]
[TimeControl "7200+10"]

1. e4 e6 2. d4 d5 3. Nc3 Nf6 4. Bd3 c5 5. exd5 Nxd5 6. Nf3 Nc6 7. Nxd5 Qxd5
8. dxc5 Bxc5 9. O-O O-O 10. Qe2 Qd7 11. Bf4 Nd4 12. Nxd4 Bxd4 13. Rad1 e5
14. Bxe5 Re8 15. Bxh7+ Kxh7 16. Qh5+ Kg8 17. Rxd4 Qf5 18. Rh4 Qxh5 19. Rxh5
Be6 20. Bd4 b6 21. b3 Rac8 22. c3 f6 23. Rh4 Bf5 24. Rf4 Bh7 25. Rf3 Re2
26. Ra1 Rce8 27. Re3 R8xe3 28. Bxe3 Kf7 29. h3 Rb2 30. Kf1 Bb1 31. Ke1 Bxa2
32. b4 Rb1+ 33. Rxb1 Bxb1 34. Ke2 Be4 35. f3 Bc6 36. Bf4 Bb5+ 37. Ke3 a5
38. bxa5 bxa5 39. Bd6 Ke6 40. Bf8 a4 41. g3 Kd5 42. Kd2 g6 43. g4 Bf1 44.
h4 Bg2 45. Ke2 Kc4 46. Kf2 Bh3 47. Be7 f5 48. Kg3 fxg4 49. fxg4 Bf1 50. Bb4
Kb3 51. Kf4 a3 52. Bxa3 Kxa3 53. Ke3 Kb3 54. Kd4 Be2 55. g5 Bc4 56. Ke5
Kxc3 57. Kf6 Bd3 58. Kg7 Kd4 59. Kh6 Ke5 60. h5 gxh5 61. Kxh5 Ke6 62. Kh6
Kf7 { Game drawn by mutual agreement } 1/2-1/2

[Event "ICC tourney 2248 (120 10)"]
[Site "Internet Chess Club"]
[Date "2020.12.29"]
[Round "7"]
[White "avats"]
[Black "evg1234567"]
[Result "1-0"]
[ICCResult "Black checkmated"]
[WhiteElo "1589"]
[BlackElo "1716"]
[Opening "Sicilian: Canal-Sokolsky attack, 3...Bd7"]
[ECO "B52"]
[NIC "SI.01"]
[Time "12:06:01"]
[PlyCount "127"]
[TimeControl "7200+10"]

1. e4 c5 2. Nf3 d6 3. Bb5+ Bd7 4. Bxd7+ Nxd7 5. O-O Ngf6 6. d3 g6 7. Nc3
Bg7 8. h3 O-O 9. Be3 a6 10. Qd2 b5 11. Bh6 Qc7 12. Bxg7 Kxg7 13. Rfe1 Rfb8
14. Nd5 Qd8 15. Nxf6 Nxf6 16. e5 dxe5 17. Rxe5 Rc8 18. Rae1 e6 19. Ng5 Rc6
20. R5e2 Qd7 21. Ne4 Nxe4 22. Rxe4 Rd8 23. Rh4 h5 24. Qg5 Qd5 25. Re5 f6
26. Rxd5 fxg5 27. Rxg5 Kf6 28. Rg3 Rd4 29. Re4 Rxe4 30. dxe4 Rd6 31. Rd3
Rd4 32. Rxd4 cxd4 33. f3 Ke5 34. Kf2 Kf6 35. g3 e5 36. f4 Ke6 37. Kf3 a5
38. g4 hxg4+ 39. hxg4 Kf6 40. f5 g5 41. Ke2 Ke7 42. Kd3 Kd6 43. c3 dxc3 44.
Kxc3 Kc5 45. a3 a4 46. b3 axb3 47. Kxb3 Kd4 48. f6 Kxe4 49. f7 Kf4 50.
f8=Q+ Kxg4 51. Qe7 Kf4 52. Qf6+ Kg4 53. Qxe5 Kh4 54. Qe1+ Kg4 55. Qg1+ Kf4
56. Kb4 g4 57. Kxb5 g3 58. a4 Kf3 59. a5 g2 60. a6 Kg3 61. a7 Kh3 62. a8=Q
Kh4 63. Qaxg2 Kh5 64. Q2h2# { Black checkmated } 1-0

[Event "ICC tourney 2248 (120 10)"]
[Site "Internet Chess Club"]
[Date "2020.12.29"]
[Round "7"]
[White "hi987"]
[Black "mutantpenguin"]
[Result "1-0"]
[ICCResult "Black checkmated"]
[WhiteElo "1612"]
[BlackElo "1377"]
[Opening "French: Steinitz variation"]
[ECO "C11"]
[NIC "FR.04"]
[Time "12:06:09"]
[PlyCount "41"]
[TimeControl "7200+10"]

1. e4 e6 2. d4 d5 3. Nc3 Nf6 4. e5 Nfd7 5. f4 Be7 6. Nf3 f6 7. Be3 O-O 8.
Qd2 c6 9. g3 fxe5 10. Nxe5 Nxe5 11. fxe5 Nd7 12. O-O-O b5 13. Bd3 Rf3 14.
Kb1 Rf8 15. Rhf1 a5 16. Qe2 a4 17. Qh5 h6 18. Qg6 Rxf1 19. Qh7+ Kf7 20.
Bg6+ Kf8 21. Qh8# { Black checkmated } 1-0

[Event "ICC tourney 2248 (120 10)"]
[Site "Internet Chess Club"]
[Date "2020.12.29"]
[Round "7"]
[White "garynanoman"]
[Black "FL2009"]
[Result "1-0"]
[ICCResult "Black checkmated"]
[WhiteElo "1850"]
[BlackElo "1857"]
[Opening "Ruy Lopez: Berlin defense, open variation"]
[ECO "C67"]
[NIC "RL.07"]
[Time "12:06:11"]
[PlyCount "47"]
[TimeControl "7200+10"]

1. e4 e5 2. Nf3 Nc6 3. Bb5 Nf6 4. O-O Nxe4 5. Re1 Nd6 6. Nxe5 Be7 7. Bf1
O-O 8. d4 Bf6 9. c3 Re8 10. Bf4 g6 11. Ng4 Bg7 12. Bxd6 cxd6 13. Nd2 b6 14.
Ne4 Kf8 15. Nxd6 Rxe1 16. Qxe1 Qe7 17. Qxe7+ Kxe7 18. Nb5 d6 19. Re1+ Kd7
20. Ne3 a6 21. Nd5 Rb8 22. Na7 Nxa7 23. Re7+ Kc6 24. Nb4# { Black
checkmated } 1-0

[Event "ICC tourney 2248 (120 10)"]
[Site "Internet Chess Club"]
[Date "2020.12.29"]
[Round "7"]
[White "welmo"]
[Black "Threehundreds"]
[Result "1/2-1/2"]
[ICCResult "Game drawn by mutual agreement"]
[WhiteElo "1604"]
[BlackElo "1437"]
[Opening "Giuoco Pianissimo"]
[ECO "C50"]
[NIC "IG.02"]
[Time "12:05:57"]
[PlyCount "53"]
[TimeControl "7200+10"]

1. e4 e5 2. Nf3 Nc6 3. Bc4 Bc5 4. d3 Nf6 5. O-O d6 6. h3 h6 7. Nc3 a6 8. a3
O-O 9. Be3 Bxe3 10. fxe3 Re8 11. Qd2 Ne7 12. Qf2 Ng6 13. Qg3 Be6 14. Bxe6
Rxe6 15. Qf2 c6 16. Rab1 Qd7 17. Kh1 Rd8 18. Rfe1 d5 19. exd5 cxd5 20. e4
dxe4 21. dxe4 Qc6 22. Qe3 Qb6 23. Qxb6 Rxb6 24. Kg1 Kf8 25. Kf2 Ke7 26. Rf1
Ke6 27. Rfe1 { Game drawn by mutual agreement } 1/2-1/2

[Event "ICC tourney 2248 (120 10)"]
[Site "Internet Chess Club"]
[Date "2020.12.29"]
[Round "7"]
[White "chessmaster0981"]
[Black "BlueZillop"]
[Result "1/2-1/2"]
[ICCResult "Game drawn by mutual agreement"]
[WhiteElo "1557"]
[BlackElo "1363"]
[Opening "Queen's pawn game, Chigorin variation"]
[ECO "D02"]
[NIC "QP.08"]
[Time "12:06:07"]
[PlyCount "86"]
[TimeControl "7200+10"]

1. d4 d5 2. Nf3 Nc6 3. e3 Nf6 4. Bd3 g6 5. b3 Bg7 6. Bb2 O-O 7. Nbd2 Re8 8.
a3 Nd7 9. c4 dxc4 10. Nxc4 e5 11. dxe5 Ndxe5 12. Ncxe5 Nxe5 13. Nxe5 Bxe5
14. Bxe5 Rxe5 15. Qc2 Rd5 16. O-O-O Qe7 17. Kb2 Rc5 18. Qd2 Qe5+ 19. Ka2
Be6 20. Qb2 Qxb2+ 21. Kxb2 Bf5 22. Bxf5 Rxf5 23. Rd2 Re8 24. Rc1 c5 25. h3
Re4 26. Rc4 Rxc4 27. bxc4 a6 28. a4 Kf8 29. Kc3 Ke7 30. f3 Rf6 31. Rd5 b6
32. e4 Rd6 33. Rxd6 Kxd6 34. f4 Kc6 35. g4 b5 36. cxb5+ axb5 37. axb5+ Kxb5
38. h4 c4 39. f5 gxf5 40. exf5 Kc5 41. g5 Kd5 42. h5 Ke5 43. g6 fxg6 { Game
drawn by mutual agreement } 1/2-1/2

[Event "ICC tourney 2248 (120 10)"]
[Site "Internet Chess Club"]
[Date "2020.12.29"]
[Round "7"]
[White "charismaticl33"]
[Black "Pugnacious"]
[Result "1-0"]
[ICCResult "Black resigns"]
[WhiteElo "1603"]
[BlackElo "1760"]
[Opening "Evans gambit"]
[ECO "C52"]
[NIC "IG.05"]
[Time "12:21:42"]
[PlyCount "51"]
[TimeControl "7200+10"]

1. e4 e5 2. Nf3 Nc6 3. Bc4 Bc5 4. b4 Bxb4 5. c3 Ba5 6. d4 exd4 7. O-O Nf6
8. e5 Ne4 9. Re1 Nxc3 10. Nxc3 Bxc3 11. Bg5 Ne7 12. Nxd4 h6 13. Bxe7 Qxe7
14. Nf5 Qg5 15. Nd6+ cxd6 16. exd6+ Bxe1 17. Qxe1+ Kf8 18. Qe4 Qg6 19. Qe7+
Kg8 20. h4 Qf6 21. Re1 b6 22. Bd3 Qxe7 23. dxe7 g6 24. e8=Q+ Kg7 25. Qe5+
Kg8 26. Be4 { Black resigns } 1-0

[Event "ICC tourney 2248 (120 10)"]
[Site "Internet Chess Club"]
[Date "2020.12.29"]
[Round "7"]
[White "wulovechess"]
[Black "MadiChesskid"]
[Result "0-1"]
[ICCResult "White checkmated"]
[WhiteElo "1612"]
[BlackElo "1496"]
[Opening "Two knights defense"]
[ECO "C55"]
[NIC "KP.02"]
[Time "12:06:15"]
[PlyCount "102"]
[TimeControl "7200+10"]

1. e4 e5 2. Nf3 Nc6 3. Bc4 Nf6 4. d4 exd4 5. O-O Be7 6. e5 Ne4 7. Re1 d5 8.
Bxd5 Qxd5 9. Nc3 Nxc3 10. bxc3 Bg4 11. cxd4 Bxf3 12. gxf3 Qxd4 13. Qxd4
Nxd4 14. Re4 O-O-O 15. c3 Nxf3+ 16. Kg2 Nh4+ 17. Kf1 f5 18. Ra4 a6 19. Be3
Rd5 20. f4 Rhd8 21. Rd4 Rxd4 22. cxd4 Nf3 23. Rd1 Nxh2+ 24. Kg2 Ng4 25. Kf3
Nxe3 26. Kxe3 Bc5 27. Rd3 Bb6 28. e6 Re8 29. Kf3 Rxe6 30. Kg3 Rd6 31. d5 c6
32. Kh4 Rxd5 33. Rxd5 cxd5 34. Kg5 d4 35. Kxf5 d3 36. Ke6 d2 37. f5 d1=Q
38. Kf7 Qd7+ 39. Kf8 Bc5+ 40. Kg8 Qxf5 41. Kxg7 h5 42. a3 Bd4+ 43. Kh6 Bg7+
44. Kxg7 h4 45. a4 h3 46. a5 b5 47. Kg8 h2 48. Kg7 Qf1 49. Kg8 h1=R 50. Kg7
Rg1+ 51. Kh7 Qh3# { White checkmated } 0-1

[Event "ICC tourney 2248 (120 10)"]
[Site "Internet Chess Club"]
[Date "2020.12.29"]
[Round "7"]
[White "FlowingMelody"]
[Black "uzkuzk"]
[Result "0-1"]
[ICCResult "White resigns"]
[WhiteElo "1307"]
[BlackElo "1809"]
[Opening "Ruy Lopez: Berlin defense, open variation"]
[ECO "C67"]
[NIC "RL.07"]
[Time "12:05:57"]
[PlyCount "64"]
[TimeControl "7200+10"]

1. e4 e5 2. Nf3 Nc6 3. Bb5 Nf6 4. O-O Nxe4 5. Re1 Nd6 6. Nxe5 Be7 7. Bf1
O-O 8. d4 Nf5 9. c3 Bd6 10. Nf3 Be7 11. Nbd2 d5 12. Bd3 Bd6 13. Nf1 Qf6 14.
Ne3 Nxe3 15. Bxe3 Bg4 16. Be2 Qg6 17. Nh4 Bxe2 18. Nxg6 Bxd1 19. Nxf8 Bg4
20. h3 Bc8 21. Nxh7 Kxh7 22. b3 Bf5 23. c4 Ba3 24. Bc1 Bb4 25. Re3 Nxd4 26.
Re5 Bc3 27. Rxf5 Bxa1 28. Re5 Nf3+ 29. gxf3 Bxe5 30. cxd5 Rd8 31. f4 Bf6
32. Kg2 Rxd5 { White resigns } 0-1

[Event "ICC tourney 2248 (120 10)"]
[Site "Internet Chess Club"]
[Date "2020.12.29"]
[Round "7"]
[White "kirikiri007"]
[Black "DrBoler"]
[Result "1-0"]
[ICCResult "Black resigns"]
[WhiteElo "1564"]
[BlackElo "1636"]
[Opening "Caro-Kann: exchange variation"]
[ECO "B13"]
[NIC "CK.02"]
[Time "12:06:06"]
[PlyCount "69"]
[TimeControl "7200+10"]

1. e4 c6 2. d4 d5 3. exd5 cxd5 4. Bb5+ Bd7 5. Bxd7+ Qxd7 6. Nf3 Nc6 7. Bf4
e6 8. c3 Nf6 9. Nbd2 Be7 10. O-O O-O 11. Re1 Rfe8 12. h3 Rac8 13. Ne5 Nxe5
14. Bxe5 Qc6 15. Rc1 Nd7 16. Bh2 Bd6 17. Bxd6 Qxd6 18. Nf3 Qb6 19. Qd2 Qa6
20. b3 Rc7 21. Ne5 Nxe5 22. Rxe5 Rec8 23. Re3 Qd6 24. Rg3 b5 25. Qd3 a6 26.
b4 Rc4 27. Qd2 R8c6 28. a3 a5 29. Rb1 Qc7 30. Qb2 Rxc3 31. Rxc3 Rxc3 32.
bxa5 Qxa5 33. Qxb5 Qxa3 34. Qe8+ Qf8 35. Rb8 { Black resigns } 1-0

[Event "ICC tourney 2248 (120 10)"]
[Site "Internet Chess Club"]
[Date "2020.12.29"]
[Round "7"]
[White "iamvoltu"]
[Black "sushivishwa"]
[Result "1/2-1/2"]
[ICCResult "Game drawn by repetition"]
[WhiteElo "1600"]
[BlackElo "1755"]
[Opening "Dutch, 2.Bg5 variation"]
[ECO "A80"]
[NIC "HD.12"]
[Time "12:06:19"]
[PlyCount "83"]
[TimeControl "7200+10"]

1. d4 f5 2. Bg5 g6 3. c3 d5 4. e3 Nh6 5. Nf3 Nf7 6. Bh4 Bg7 7. Nbd2 c6 8.
c4 Be6 9. cxd5 Bxd5 10. Bc4 Qb6 11. Bxd5 cxd5 12. O-O Nc6 13. Nb3 Rd8 14.
Nc5 Rd6 15. Bg3 e5 16. dxe5 Nfxe5 17. Nxe5 Bxe5 18. Na4 Qb4 19. a3 Qg4 20.
f3 Qc4 21. Rc1 Qb5 22. Bxe5 Nxe5 23. Qd4 Nf7 24. Rc8+ Rd8 25. Rxd8+ Kxd8
26. Rc1 Re8 27. Rc5 Qe2 28. Qxd5+ Ke7 29. Rc7+ Kf6 30. Rxf7+ Kg5 31. f4+
Kh6 32. g3 Qe1+ 33. Kg2 Qe2+ 34. Kh3 Qg4+ 35. Kg2 Qe2+ 36. Kh3 Qg4+ 37. Kg2
Qe2+ 38. Kh3 Qg4+ 39. Kg2 Qe2+ 40. Kh3 Qg4+ 41. Kg2 Qe2+ 42. Kh3 { Game
drawn by repetition } 1/2-1/2